 Dungeon Crawl Stone Soup version 0.30.1-8-g117510f58f (webtiles) character file.

Game seed: 11879897008052085925

3750 monsoonserge the Slicer (level 9, -6/71 HPs)
             Began as a Demonspawn Monk on Sept 22, 2023.
             Was a Priest of Vehumet.
             Killed from afar by an acid dragon (28 damage)
             ... with a splash of acid
             ... on level 9 of the Dungeon.
             The game lasted 00:24:35 (9158 turns).

monsoonserge the Slicer (Demonspawn Monk)           Turns: 9158, Time: 00:24:36

Health: -6/71      AC:  1    Str: 11    XL:     9   Next: 93%
Magic:  0/9        EV: 15    Int: 19    God:    Vehumet [***...]
Gold:   544        SH:  0    Dex: 15    Spells: 5/8 levels left

rFire   . . .        k - +1 short sword (speed)
rCold   . . .        d - orb {light}
rNeg    + . .        l - +2 robe {rN+}
rPois   .            (no helmet)
rElec   .            B - +0 cloak
rCorr   .            (no gloves)
SInv    .            (no boots)
Will    .....        r - amulet of guardian spirit
Stlth   +            (no ring)
HPRegen 0.31/turn    (no ring)
MPRegen 0.11/turn

%: guardian spirit
@: corroded, glowing, studying Fire Magic
A: powered by pain 1, spiny 1, big brain 1, corrupting presence 1, weakness
stinger 2
a: Renounce Religion


You were on level 9 of the Dungeon.
You worshipped Vehumet.
Vehumet was most pleased with you.
You visited 1 branch of the dungeon, and saw 9 of its levels.

You collected 544 gold pieces.

Inventory:

Hand Weapons
 g - a +1 dagger of venom
 k - a +1 short sword of speed (weapon)
 w - a +0 shortbow
 y - a +3 hand axe of freezing
Missiles
 s - 9 poisoned darts (quivered)
 C - 5 boomerangs
Armour
 d - an orb of light (worn)
 l - a +2 robe of positive energy (worn)
 p - a +0 robe of fire resistance
 B - a +0 cloak (worn)
 H - a +0 leather armour of fire resistance
Jewellery
 r - an amulet of guardian spirit (around neck)
 I - an amulet of magic regeneration
Scrolls
 a - 2 scrolls of blinking
 b - 5 scrolls of teleportation
 e - 2 scrolls of fog
 i - a scroll of poison
 m - 2 scrolls of vulnerability
 t - a scroll of brand weapon
 u - a scroll of enchant armour
 v - a scroll of amnesia
 x - a scroll of butterflies {unknown}
 G - a scroll of fear {unknown}
Potions
 c - 2 potions of ambrosia
 j - a potion of heal wounds {unknown}
 n - 2 potions of haste
 o - a potion of might {unknown}
 q - 3 potions of curing
 z - 2 potions of attraction
 A - a potion of flight {unknown}
 D - a potion of invisibility {unknown}
 E - 2 potions of mutation {unknown}
 F - a potion of brilliance {unknown}


   Skills:
 + Level 6.8 Fighting
 + Level 8.6(9.0) Short Blades
 + Level 3.8(6.6) Long Blades
 + Level 1.8 Throwing
 - Level 1.2 Armour
 + Level 6.5 Dodging
 + Level 3.9 Stealth
 + Level 0.1 Evocations


You had 5 spell levels left.
You knew the following spells:

 Your Spells              Type           Power      Damage    Failure   Level
a - Inner Flame           Hex/Fire       0%         N/A       16%         3

Your spell library contained the following spells:

 Spells                   Type           Power      Damage    Failure   Level
 Static Discharge         Conj/Air       0%         2-2/arc   9%          2
 Stone Arrow              Conj/Erth      0%         3d7       16%         3
 Lesser Beckoning         Tloc           0%         N/A       30%         2
 Sublimation of Blood     Necr           0%         N/A       30%         2
 Wereblood                Tmut           0%         N/A       30%         2
 Airstrike                Air            0%         2d(0-16)  45%         4
 Gell's Gravitas          Tloc           0%         N/A       52%         3
 Teleport Other           Tloc           0%         N/A       52%         3
 Animate Armour           Summ/Erth      0%         N/A       90%         4
 Summon Lightning Spire   Summ/Air       0%         N/A       90%         4
 Alistair's Intoxication  Tmut/Pois      0%         N/A       99%         5
 Borgnjor's Vile Clutch   Necr/Erth      0%         N/A       99%         5
 Eringya's Noxious Bog    Tmut/Pois      0%         N/A       99%         6
 Summon Hydra             Summ           0%         N/A       100%        7
 Lehudib's Crystal Spear  Conj/Erth      0%         10d2      100%        8


Dungeon Overview and Level Annotations

Branches:
Dungeon (9/15)             Temple (0/1) D:7
   Lair: D:8-11         Orc: D:9-12

Altars:
Cheibriados
Dithmenos
Fedhas
Hepliaklqana
Trog
Uskayaw
Vehumet
Xom


Innate Abilities, Weirdness & Mutations

You sometimes gain a little power by taking damage.
You are partially covered in sharp spines.
You have an unusually large brain. (Int +2)
Your presence sometimes corrodes those you injure.
You have a tail ending in a sharp stinger.


Message History

You tail-slap the acid dragon.
The acid dragon is moderately wounded.
You hit the acid dragon.
You tail-slap the acid dragon, but do no damage.
The acid dragon is moderately wounded.
A yak comes into view.
The acid dragon bites you! The acid dragon claws you.
You hit the acid dragon but do no damage.
You tail-slap the acid dragon, but do no damage.
The acid dragon is moderately wounded.
You hit the acid dragon but do no damage.
The acid dragon is moderately wounded.
A gnoll comes into view. It is wielding a +0 club.
A gnoll sergeant comes into view. It is wielding a +0 trident.
The acid dragon spits acid at you. The splash of acid hits you!
* * * LOW HITPOINT WARNING * * *
You focus on the pain.
You feel your power returning.
You hit the acid dragon but do no damage.
You tail-slap the acid dragon, but do no damage.
The acid dragon is moderately wounded.
You hit the acid dragon but do no damage.
The acid dragon is moderately wounded.
You barely miss the acid dragon.
You tail-slap the acid dragon, but do no damage.
The acid dragon is moderately wounded.
The acid dragon is struck by your spines.
The acid dragon completely misses you. The acid dragon closely misses you.
A wight comes into view. It is wielding a +2 short sword.
You hit the acid dragon but do no damage.
The acid dragon is heavily wounded.
You hit the acid dragon but do no damage.
The acid dragon is heavily wounded.
You hit the acid dragon.
Your tail-slap misses the acid dragon.
The acid dragon is severely wounded.
A gnoll comes into view. It is wielding a +0 spear.
A gnoll comes into view. It is wielding a +0 halberd.
The acid dragon spits acid at you. The splash of acid hits you!!!
You die... ##......# #.....### # #.....## .. ##.....# ..# ###......##...# ............... .#....#...##... ..#..##.#.# . .##..#@.### #YYDg##

.....
...Y.....
#.$..
.........$
###....
..........#
$#......
.......gg##
........
........z.
........
.#....gg..
........
.......[


You could see 3 yaks, an acid dragon (catching breath), a gnoll sergeant, a
wight and 4 gnolls.

Vanquished Creatures
  A hornet (D:9)
  Sigmund (D:3)
  A shadow (D:8)
  A wyvern (D:8)
  Edmund (D:6)
  A vampire mosquito (D:6)
  An orc warrior (D:7)
  3 ice beasts
  3 ogres
  3 centaurs
  A kobold brigand (D:8)
  3 bullfrogs (D:7)
  2 scorpions
  8 wights
  7 killer bees (D:7)
  3 electric eels (D:8)
  6 hounds
  2 jellies
  A gnoll bouda (D:7)
  2 orc priests (D:7)
  Crazy Yiuf (D:3)
  5 iguanas
  A sleepcap (D:6)
  Jessica (D:2)
  An orc wizard (D:7)
  An ogre zombie (D:9)
  5 gnolls
  5 adders
  3 white imps
  2 ufetubi
  A worm (D:2)
  A dart slug (D:4)
  10 orcs
  3 bats
  10 endoplasms
  2 giant cockroaches
  8 goblins
  5 hobgoblins
  3 quokkas
  7 ball pythons
  5 frilled lizards
  2 goblin zombies (D:9)
  A hobgoblin skeleton (D:9)
  10 kobolds
  An orc skeleton (D:9)
  5 orc zombies (D:9)
  10 rats
160 creatures vanquished.

Notes
Turn   | Place    | Note
-------+----------+-------------------------------------------
     0 | D:1      | monsoonserge the Demonspawn Monk began the quest for the
                  | Orb.
     0 | D:1      | Reached XP level 1. HP: 18/18 MP: 1/1
   121 | D:1      | Gained mutation: You have an unusually large brain. (Int
                  | +2) [demonic ancestry]
   121 | D:1      | Reached XP level 2. HP: 18/24 MP: 2/2
   621 | D:2      | Gained mutation: You sometimes gain a little power by
                  | taking damage. [demonic ancestry]
   621 | D:2      | Reached XP level 3. HP: 29/29 MP: 3/3
   787 | D:2      | Noticed Jessica
   813 | D:2      | Killed Jessica
  1148 | D:2      | Gained mutation: You are partially covered in sharp spines.
                  | [demonic ancestry]
  1148 | D:2      | Reached XP level 4. HP: 35/35 MP: 4/4
  1690 | D:3      | Found a bloodstained altar of Trog.
  1740 | D:3      | Noticed Sigmund
  1955 | D:4      | Reached skill level 1 in Short Blades
  1962 | D:4      | Noticed a scorpion
  1967 | D:4      | Killed a scorpion
  1968 | D:4      | Reached XP level 5. HP: 41/42 MP: 5/5
  2191 | D:4      | Reached skill level 1 in Stealth
  2204 | D:4      | Gained mutation: You have a small tail. [demonic ancestry]
  2204 | D:4      | Reached XP level 6. HP: 27/48 MP: 6/6
  2445 | D:4      | Reached skill level 2 in Short Blades
  2599 | D:4      | Found a radiant altar of Vehumet.
  2599 | D:4      | Found a hazy altar of Hepliaklqana.
  2606 | D:4      | Found a blossoming altar of Fedhas.
  2749 | D:5      | Entered Level 5 of the Dungeon
  2799 | D:5      | Reached skill level 1 in Armour
  3201 | D:5      | Reached skill level 3 in Short Blades
  3210 | D:5      | Noticed an ice beast
  3312 | D:3      | Reached XP level 7. HP: 54/54 MP: 7/7
  3723 | D:3      | Killed Sigmund
  3847 | D:3      | Found a runed translucent door.
  3848 | D:3      | Noticed Crazy Yiuf
  3940 | D:3      | Killed Crazy Yiuf
  4215 | D:5      | Reached skill level 4 in Short Blades
  4497 | D:5      | Found a hide-covered altar of Uskayaw.
  4498 | D:5      | Found a shadowy altar of Dithmenos.
  4655 | D:6      | Gained mutation: You have a tail ending in a sharp stinger.
                  | [demonic ancestry]
  4655 | D:6      | Reached XP level 8. HP: 61/61 MP: 8/8
  4706 | D:4      | Became a worshipper of Vehumet
  4706 | D:4      | Reached * piety under Vehumet
  4706 | D:4      | Offered knowledge of Sandblast by Vehumet.
  4706 | D:4      | Reached ** piety under Vehumet
  4807 | D:5      | Reached skill level 5 in Short Blades
  4905 | D:6      | Offered knowledge of Magic Dart by Vehumet.
  5105 | D:6      | Reached skill level 5 in Fighting
  5105 | D:6      | Reached skill level 1 in Throwing
  5105 | D:6      | Reached skill level 5 in Dodging
  5404 | D:6      | Noticed Edmund
  5418 | D:6      | Killed Edmund
  5663 | D:7      | Reached skill level 6 in Short Blades
  5744 | D:7      | Found a snail-covered altar of Cheibriados.
  6267 | D:7      | Reached skill level 7 in Short Blades
  6267 | D:7      | Gained mutation: Your presence sometimes corrodes those you
                  | injure. [demonic ancestry]
  6267 | D:7      | Reached XP level 9. HP: 68/68 MP: 9/9
  6279 | D:7      | Found a staircase to the Ecumenical Temple.
  7614 | D:8      | Offered knowledge of Inner Flame by Vehumet.
  7615 | D:8      | Reached skill level 8 in Short Blades
  7619 | D:8      | Learned a level 3 spell: Inner Flame
  7799 | D:8      | Found a shimmering altar of Xom.
  7802 | D:8      | Found a shimmering altar of Xom.
  7803 | D:8      | Found a shimmering altar of Xom.
  7806 | D:8      | Found a shimmering altar of Xom.
  8016 | D:8      | Noticed a cane toad
  8029 | D:8      | a cane toad changed into a black bear
  8506 | D:8      | Noticed a quicksilver ooze
  8940 | D:9      | Reached *** piety under Vehumet
  8982 | D:8      | Noticed a fire dragon
  9158 | D:9      | Killed from afar by an acid dragon

Illustrated notes

Levels and vault maps discovered:
D:1:      roderic_octagonal_star, layout_rooms
D:2:      layout_basic, nicolae_figureground_sparkle, uniq_jessica
D:3:      layout_basic, overflow_temple_1_default, uniq_crazy_yiuf_cottage,
          uniq_sigmund
D:4:      kennysheep_big_flooded_room, layout_loops_ring,
          chequers_temple_overflow_statue_of_worship
D:5:      layout_basic, gammafunk_temple_overflow_statue, kennysheep_crisscross
D:6:      layout_basic, grunt_decor_one_mirror, minmay_manual_mail, uniq_edmund
D:7:      layout_basic, overflow_temple_1_default, minmay_temple_entry_glass
D:8:      layout_basic, xom_shifter_show, kennysheep_cross_room,
          amethyst_killhole, minivault_1
D:9:      layout_cave_pools, lair_entry_dummy, zombieorc2_lemuel,
          serial_park_tiny_1

Skill      XL: |  1  2  3  4  5  6  7  8  9 |
---------------+----------------------------+-----
Long Blades    | 3 |  3.8
Dodging        | 3 4 5 6 |  6.5
Short Blades   | 1 3 4 7 8 |  8.6
Stealth        | 1 2 3 |  3.9
Fighting       | 4 5 6 |  6.8
Armour         | 1 |  1.2
Throwing       | 1 |  1.8
Evocations     | |  0.1

Action                     |  1- 3 |  4- 6 |  7- 9 || total
---------------------------+-------+-------+-------++-------
  Melee: Falchion          |    32 |       |       ||    32
         Dagger            |    58 |    18 |       ||    76
         Unarmed           |     5 |       |       ||     5
         Short sword       |       |    99 |   488 ||   587
         Tailslap          |       |    15 |   114 ||   129
  Throw: Dart              |       |       |    20 ||    20
  Evoke: Wand              |       |     1 |       ||     1
    Use: Potion            |       |     1 |     1 ||     2
         Scroll            |       |       |    10 ||    10
   Stab: Sleeping          |       |       |     1 ||     1
         Distracted        |       |       |     1 ||     1
 Armour: Robe              |     7 |    17 |    48 ||    72
         Leather armour    |     9 |       |       ||     9
         Skin              |     2 |       |       ||     2
  Dodge: Dodged            |    47 |    73 |   177 ||   297
